 Dungeon Crawl Stone Soup version 0.29.1-2-gbd0b4ee654 (webtiles) character file.

Game seed: 12480062394341905669

658 DildoBatman the Conjurer (level 7, -12/52 HPs)
             Began as a Formicid Conjurer on Nov 22, 2022.
             Mangled by an orc warrior
             ... wielding a +0 war axe
              (18 damage)
             ... on level 5 of the Dungeon.
             The game lasted 00:14:13 (5333 turns).

DildoBatman the Conjurer (Formicid Conjurer)        Turns: 5333, Time: 00:14:13

Health: -12/52     AC:  4    Str: 17    XL:     7   Next: 86%
Magic:  0/14       EV: 12    Int: 20    God:
Gold:   307        SH:  0    Dex: 18    Spells: 12/15 levels left

rFire   . . .      SeeInvis +   b - staff of earth
rCold   . . .      Faith    .   (no shield)
rNeg    . . .      Spirit   .   m - +0 robe
rPois   .          Reflect  .   (helmet unavailable)
rElec   .          Harm     .   (no cloak)
rCorr   .          Rampage  .   s - +0 pair of gloves
Will    .....                   E - +0 pair of boots
Stlth   ++........              (no amulet)
HPRegen 0.17/turn               p - +6 ring of strength
MPRegen 0.14/turn               D - +6 ring of dexterity

@: no status effects
A: permanent stasis, dig shafts and tunnels, antennae 3, four strong arms
a: Dig, Shaft Self


You were on level 5 of the Dungeon.
You visited 2 branches of the dungeon, and saw 6 of its levels.
You also visited: Sewer.

You collected 307 gold pieces.

Inventory:

Hand Weapons
 a - a +2 dagger of pain
 c - a +0 spear
 i - a +0 dagger of electrocution
Missiles
 d - 43 stones
 x - a throwing net
 y - 2 boomerangs
 G - 2 poisoned darts
 J - 4 curare-tipped darts
Armour
 m - a +0 robe (worn)
 s - a +0 pair of gloves (worn)
 E - a +0 pair of boots (worn)
 I - the +1 scale mail of Valiance {Regen+ rCorr}
   (You found it in a sewer)

   Regen:     It increases your rate of health regeneration.
   rCorr:     It protects you from acid and corrosion.
Magical Staves
 b - a staff of earth (weapon)
Jewellery
 p - a +6 ring of strength (left hand)
 D - a +6 ring of dexterity (right hand)
Scrolls
 k - 2 scrolls of enchant weapon {unknown}
 r - 2 scrolls of amnesia
 v - 2 scrolls of enchant armour {unknown}
 z - 2 scrolls of identify
 A - 2 scrolls of fog
 B - a scroll of silence
 C - 2 scrolls of summoning
 F - a scroll of fear
Potions
 e - a potion of invisibility {unknown}
 f - a potion of mutation {unknown}
 g - a potion of magic
 h - a potion of heal wounds {unknown}
 j - a potion of might {unknown}
 l - 2 potions of cancellation {unknown}
 n - a potion of curing {unknown}
 o - 2 potions of brilliance {unknown}
 q - a potion of haste {unknown}
 t - a potion of lignification {unknown}
 u - a potion of attraction {unknown}
 w - a potion of ambrosia {unknown}
 H - 3 potions of flight


   Skills:
 - Level 3.0 Fighting
 - Level 3.0 Armour
 - Level 2.0 Dodging
 - Level 2.4 Stealth
 * Level 4.7 Spellcasting
 - Level 6.0 Conjurations


You had 12 spell levels left.
You knew the following spells:

 Your Spells              Type           Power      Damage    Failure   Level
a - Searing Ray           Conj           56%        2d6       1%          2
c - Magic Dart            Conj           100%       1d8       1%          1

Your spell library contained the following spells:

 Spells                   Type           Power      Damage    Failure   Level
 Dazzling Flash           Conj/Hex       32%        N/A       11%         3
 Tukima's Dance           Hex            4%         N/A       34%         3
 Fulminant Prism          Conj/Hex       8%         3d7       34%         4
 Iskenderun's Mystic Bla  Conj/Tloc      16%        2d5       34%         4
 Passage of Golubria      Tloc           4%         N/A       75%         4
 Yara's Violent Unravell  Hex/Tmut       2%         3d3       97%         5


Dungeon Overview and Level Annotations

Branches:
Dungeon (5/15)             Temple (1/1) D:4           Sewer (visited)

Altars:
Ashenzari
Cheibriados
Fedhas
Gozag
Hepliaklqana
Makhleb
Nemelex Xobeh
Okawaru
Ru
Sif Muna
Xom
Zin
The Shining One

Annotations:
D:2 Jessica, Terence
D:3 exclusion: orc wizard, Blork the orc; Ijyb; Sigmund
D:4 1 runed translucent door, 1 exclusion, GorkyZ's ghost, amateur DsFi


Innate Abilities, Weirdness & Mutations

You cannot be hasted, slowed, berserked, paralysed or teleported.
You can dig through walls and to a lower floor.
You have a pair of large antennae on your head. (SInv)
Your four strong arms can wield two-handed weapons with a shield.


Message History

You kill the orc wizard!
The searing ray hits the orc warrior.
The orc warrior is heavily wounded.
The orc warrior throws a boomerang.
The boomerang misses you.
The searing ray hits the orc warrior.
The orc warrior is heavily wounded.
You finish channelling your searing ray.
The orc warrior closely misses you.
Casting: Searing Ray (safe; 1% risk of failure)
Confirm with . or Enter, or press ? or * to list all spells.
Aiming: Searing Ray (safe; 1% risk of failure)
Press: ? - help, Shift-Dir - straight line, f - orc warrior
Aim: an orc warrior, wielding a +0 war axe, wearing a +0 chain mail and quivering boomerangs (heavily wounded, 77% to hit)
The searing ray hits the orc warrior but does no damage.
The orc warrior is heavily wounded. (Press . to maintain the ray.)
The orc warrior hits you but does no damage.
The searing ray hits the orc warrior but does no damage.
The orc warrior is heavily wounded.
The orc warrior hits you with a +0 war axe!
The searing ray misses the orc warrior.
The orc warrior hits you with a +0 war axe.
The searing ray misses the orc warrior.
You finish channelling your searing ray.
The orc warrior closely misses you.
Casting: Searing Ray (safe; 1% risk of failure)
Confirm with . or Enter, or press ? or * to list all spells.
Aiming: Magic Dart (safe; 1% risk of failure)
Press: ? - help, Shift-Dir - straight line, f/p - orc warrior
Aim: an orc warrior, wielding a +0 war axe, wearing a +0 chain mail and quivering boomerangs (heavily wounded, 100% to hit)
The magic dart hits the orc warrior but does no damage.
The orc warrior is heavily wounded.
The orc warrior hits you with a +0 war axe!
Are you sure you want to shaft yourself?
The orc warrior hits you with a +0 war axe!
You begin to dig a shaft.
You continue digging a shaft.
The orc warrior hits you with a +0 war axe!!
You die...

#.# #.#### #.# #.# #....# #.# #.#
#....# #.# # #.# #....# #.# .#
#.# #....# #.###.#.# ##.########
#....# #.#...#.# ..........#
#....#####.#.###.# ##.######.#
#....o)........#.# . #.# #.#
#...@#####.#.#.#.###.
##.######...#....#####.#...#.....
.................................
##.########.#.#.####.............
#.# #...#......#.#...#).... #.#
##..#####..#.....#..... #.#
#.........##.......... #.#
#.#.#.##..).......... #.#
#......##.....###..


You could see an orc warrior.

Vanquished Creatures
  A black bear (D:5)
  3 scorpions (D:4)
  A hound (D:4)
  2 jellies (D:5)
  A merfolk siren (Sewer)
  A merfolk avatar (Sewer)
  An orc wizard (D:5)
  9 adders
  A river rat (Sewer)
  4 worms
  3 dart slugs
  10 orcs
  7 endoplasms
  6 giant cockroaches
  2 goblins
  3 hobgoblins
  8 jackals
  7 kobolds
  3 quokkas
  21 ball pythons
  6 bats
  7 frilled lizards
  36 rats
143 creatures vanquished.

Notes
Turn   | Place    | Note
-------+----------+-------------------------------------------
     0 | D:1      | DildoBatman the Formicid Conjurer began the quest for the
                  | Orb.
     0 | D:1      | Reached XP level 1. HP: 13/13 MP: 3/3
   188 | D:1      | Reached XP level 2. HP: 19/19 MP: 1/5
   200 | D:1      | Learned a level 2 spell: Searing Ray
   206 | D:1      | Reached skill level 4 in Conjurations
   277 | D:1      | Found a faded altar of an unknown god.
   338 | D:1      | Reached XP level 3. HP: 23/24 MP: 0/6
   485 | D:1      | You fall into a shaft and drop 1 floor!
   822 | D:2      | Noticed Terence
   863 | D:3      | Found a shimmering blue altar of Sif Muna.
   888 | D:3      | Noticed Ijyb
  1409 | D:2      | Reached XP level 4. HP: 30/30 MP: 3/7
  1450 | D:2      | Reached skill level 5 in Conjurations
  1648 | D:2      | Noticed Jessica
  3039 | D:4      | Noticed Sigmund
  3137 | D:4      | Noticed a scorpion
  3155 | D:4      | Found a glowing drain.
  3158 | D:4      | Reached XP level 5. HP: 35/35 MP: 5/8
  3172 | Sewer    | Entered a sewer
  3425 | Sewer    | Reached skill level 6 in Conjurations
  3580 | Sewer    | Reached XP level 6. HP: 40/42 MP: 7/9
  3696 | Sewer    | Reached skill level 1 in Fighting
  3696 | Sewer    | Reached skill level 1 in Armour
  3744 | Sewer    | Identified the +1 scale mail of Valiance {Regen+ rCorr}
  3968 | D:4      | Found a runed translucent door.
  3968 | D:4      | Noticed GorkyZ's ghost (amateur DsFi)
  4127 | D:4      | Reached XP level 7. HP: 36/51 MP: 1/12
  4216 | D:4      | Found a staircase to the Ecumenical Temple.
  4261 | Temple   | Entered the Ecumenical Temple
  4785 | D:4      | Noticed Blork the orc
  5041 | D:3      | You fall into a shaft and drop 2 floors!
  5041 | D:5      | Entered Level 5 of the Dungeon
  5333 | D:5      | Mangled by an orc warrior

Illustrated notes

Levels and vault maps discovered:
D:1:      lemuel_arrival_funnel, layout_basic,
          nicolae_ecumenical_snake_handling, hex_intersection,
          dreamdust_princess_corridor
D:2:      layout_basic, uniq_terence, uniq_jessica
D:3:      layout_loops_corners, led_sif_book, uniq_ijyb
D:4:      minmay_chambers_of_threes, layout_basic,
          minmay_temple_entry_statues_pillars, cheibrodos_sewer_entry_drain,
          hellmonk_ghost_happy_afterlife, serial_park_tiny_1,
          uniq_blork_the_orc, uniq_sigmund
D:5:      minmay_spotlight, layout_basic, mainiacjoe_overflow_catwalk,
          serial_shops, nicolae_shop_stone, kennysheep_doodads,
          guppyfry_early_orc_mine
Temple:   minmay_temple_forest_path

Skill      XL: |  1  2  3  4  5  6  7 |
---------------+----------------------+-----
Conjurations   | 4 5 6 |  6.0
Dodging        | 2 |  2.0
Fighting       | 2 3 |  3.0
Armour         | 2 3 |  3.0
Spellcasting   | 3 4 |  4.7
Stealth        | |  2.4

Action                   |  1- 3 |  4- 6 |  7- 9 || total
-------------------------+-------+-------+-------++-------
Melee: Dagger            |    26 |   101 |     7 ||   134
       Spear             |     1 |       |       ||     1
       Punch             |       |     1 |       ||     1
 Cast: Magic Dart        |    36 |    55 |    18 ||   109
       Searing Ray       |     4 |    21 |    11 ||    36
 Abil: Shaft Self        |       |       |     2 ||     2
  Use: Scroll            |       |     7 |       ||     7
       Potion            |       |     1 |       ||     1
 Stab: Sleeping          |     3 |     2 |       ||     5
Armor: Robe              |     5 |    18 |     5 ||    28
Dodge: Dodged            |    19 |    76 |    10 ||   105
